3AAA
ATHLETIC CLUB KC RESERVES @ AUGUSTA TIMBER HAWKS
05/10/2038
 
TOP OF THE 1ST
Athletic Club KC Reserves batting - Pitching for Augusta Timber Hawks : RHP Timoteo Sassetti
Pitching: RHP Timoteo Sassetti
Batting: LHB Jason Ward 0-0: Ball
1-0: Ball
2-0: Ball
3-0: Base on Balls
Batting: LHB Onye Mahusay 0-0: Ball
1-0: DOUBLE (Groundball, 3L, EV 102.5 MPH)
Jason Ward to third
Batting: RHB Jihan Tuah 0-0: Called Strike
0-1: Ball
1-1: Fly out, F8 (Flyball, 8LD, EV 97.5 MPH)
Runner from 3rd tags up, SCORES, no throw by CF
Batting: LHB Gene Ricks 0-0: SINGLE (Line Drive, 4MD, EV 100.6 MPH)
Onye Mahusay to third
Batting: RHB Tasuku Goto 0-0: Foul Ball, location: 2F
0-1: Called Strike
0-2: Ball
1-2: Fly out, F9 (Flyball, 89S, EV 89.4 MPH)
Batting: LHB Kwang-chih Feng 0-0: Called Strike
0-1: Called Strike
0-2: Ball
Wild Pitch!
Onye Mahusay scores
Gene Ricks to second
1-2: Ball
2-2: Ball
3-2: Strikes out swinging
Top of the 1st over - 2 runs, 2 hits, 0 errors, 1 left on base; Athletic Club KC 2 - Augusta 0
BOTTOM OF THE 1ST
Augusta Timber Hawks batting - Pitching for Athletic Club KC Reserves : RHP Salvador Sagastizabal
Pitching: RHP Salvador Sagastizabal
Batting: LHB Carlos Medellín 0-0: Ball
1-0: Ball
2-0: Ball
3-0: Base on Balls
Batting: LHB Seung-soo Ch'ae 0-0: Ball
Carlos Medellín is caught stealing 2nd base 2-6
1-0: Ball
2-0: DOUBLE (Line Drive, 78D, EV 108.1 MPH)
Batting: RHB Pat Lloyd 0-0: Ball
1-0: Ball
2-0: Ground out 6-3 (Groundball, 6, EV 101.9 MPH)
Batting: LHB Ramiro Palmeiro 0-0: Ball
1-0: Called Strike
1-1: Called Strike
1-2: Strikes out swinging
Bottom of the 1st over - 0 runs, 1 hit, 0 errors, 1 left on base; Athletic Club KC 2 - Augusta 0
TOP OF THE 2ND
Athletic Club KC Reserves batting - Pitching for Augusta Timber Hawks : RHP Timoteo Sassetti
Batting: LHB Ty Tomblin 0-0: Called Strike
0-1: DOUBLE (Line Drive, 5D, EV 98.8 MPH)
Batting: LHB Mario Nieves 0-0: Fly out, F8 (Flyball, 8LS, EV 90.0 MPH)
Batting: RHB Jimmy Chandler 0-0: Called Strike
Ty Tomblin steals 3rd base
0-1: Ball
1-1: Ball
2-1: Ball
3-1: Base on Balls
Batting: LHB Jason Ward 0-0: Ball
Jimmy Chandler steals 2nd base
1-0: Ball
2-0: Called Strike
2-1: Swinging Strike
2-2: Strikes out looking
Batting: LHB Onye Mahusay 0-0: Called Strike
0-1: Swinging Strike
0-2: Ball
1-2: Fly out, F2 (Popup, 3SF, EV 71.2 MPH)
Top of the 2nd over - 0 runs, 1 hit, 0 errors, 2 left on base; Athletic Club KC 2 - Augusta 0
BOTTOM OF THE 2ND
Augusta Timber Hawks batting - Pitching for Athletic Club KC Reserves : RHP Salvador Sagastizabal
Batting: LHB Ken Gill 0-0: Ball
1-0: Called Strike
1-1: Foul Ball, location: 2F
1-2: Ball
2-2: Ground out 1-3 (Groundball, P, EV 73.8 MPH)
Batting: RHB David Martínez 0-0: Ball
1-0: Foul Ball, location: 2F
1-1: Swinging Strike
1-2: Ball
2-2: Fly out, F7 (Flyball, 78M, EV 75.6 MPH)
Batting: LHB Randy Sallah 0-0: Swinging Strike
0-1: Swinging Strike
0-2: Ball
1-2: Fly out, F8 (Flyball, 78S, EV 86.2 MPH)
Bottom of the 2nd over - 0 runs, 0 hits, 0 errors, 0 left on base; Athletic Club KC 2 - Augusta 0
TOP OF THE 3RD
Athletic Club KC Reserves batting - Pitching for Augusta Timber Hawks : RHP Timoteo Sassetti
Batting: RHB Jihan Tuah 0-0: Foul Ball, location: 2F
0-1: Ball
1-1: Ball
2-1: Ball
3-1: Base on Balls
Batting: LHB Gene Ricks 0-0: Called Strike
0-1: Ball
1-1: Foul Ball, location: 2F
1-2: Ball
2-2: Fly out, F7 (Flyball, 78M, EV 91.2 MPH)
Batting: RHB Tasuku Goto 0-0: Ball
1-0: 2-RUN HOME RUN (Flyball, 7LD, EV 102.5 MPH), Distance : 368 ft
Batting: LHB Kwang-chih Feng 0-0: Called Strike
0-1: Called Strike
0-2: Ball
1-2: Ball
2-2: Ball
3-2: Foul Ball, location: 2F
3-2: SINGLE (Line Drive, 9S, EV 105.6 MPH)
Batting: LHB Ty Tomblin 0-0: Swinging Strike
0-1: Ball
1-1: Called Strike
1-2: Grounds into double play, 5-4-3 (Groundball, 5L, EV 86.9 MPH)
Top of the 3rd over - 2 runs, 2 hits, 0 errors, 0 left on base; Athletic Club KC 4 - Augusta 0
BOTTOM OF THE 3RD
Augusta Timber Hawks batting - Pitching for Athletic Club KC Reserves : RHP Salvador Sagastizabal
Batting: LHB Mike Goff 0-0: Swinging Strike
0-1: Fly out, F8 (Flyball, 89D, EV 91.2 MPH)
Batting: RHB Pat Sizemore 0-0: Ground out 6-3 (Groundball, 6, EV 111.9 MPH)
Batting: LHB Carlos Medellín 0-0: Called Strike
0-1: Ground out U3 (Groundball, 3, EV 89.4 MPH)
Bottom of the 3rd over - 0 runs, 0 hits, 0 errors, 0 left on base; Athletic Club KC 4 - Augusta 0
TOP OF THE 4TH
Athletic Club KC Reserves batting - Pitching for Augusta Timber Hawks : RHP Timoteo Sassetti
Batting: LHB Mario Nieves 0-0: Ball
1-0: Ball
2-0: Fly out, F8 (Line Drive, 8LD, EV 85.6 MPH)
Batting: RHB Jimmy Chandler 0-0: Ball
1-0: Ball
2-0: Ball
3-0: Called Strike
3-1: Swinging Strike
3-2: Strikes out swinging
Batting: LHB Jason Ward 0-0: Called Strike
0-1: Foul Ball, location: 2F
0-2: Ball
1-2: Strikes out swinging
Top of the 4th over - 0 runs, 0 hits, 0 errors, 0 left on base; Athletic Club KC 4 - Augusta 0
BOTTOM OF THE 4TH
Augusta Timber Hawks batting - Pitching for Athletic Club KC Reserves : RHP Salvador Sagastizabal
Batting: LHB Seung-soo Ch'ae 0-0: Foul Ball, location: 2F
0-1: SINGLE (Groundball, 4S, EV 63.1 MPH) (infield hit)
Batting: RHB Pat Lloyd 0-0: Ball
Seung-soo Ch'ae steals 2nd base (no throw)
1-0: Swinging Strike
1-1: Ground out 5-3 (Groundball, 56, EV 101.2 MPH)
Batting: LHB Ramiro Palmeiro 0-0: Ball
1-0: Called Strike
1-1: Ball
2-1: Ground out U3 (Groundball, 3, EV 99.4 MPH)
Seung-soo Ch'ae to third
Batting: LHB Ken Gill 0-0: Ground out 4-3 (Groundball, 4M, EV 86.9 MPH)
Bottom of the 4th over - 0 runs, 1 hit, 0 errors, 1 left on base; Athletic Club KC 4 - Augusta 0
TOP OF THE 5TH
Athletic Club KC Reserves batting - Pitching for Augusta Timber Hawks : RHP Timoteo Sassetti
Batting: LHB Onye Mahusay 0-0: Ball
1-0: Foul Ball, location: 2F
1-1: Swinging Strike
1-2: Foul Ball, location: 2F
1-2: Foul Ball, location: 2F
1-2: Strikes out swinging
Batting: RHB Jihan Tuah 0-0: Foul Ball, location: 2F
0-1: Ball
1-1: Ball
2-1: Swinging Strike
2-2: Strikes out looking
Batting: LHB Gene Ricks 0-0: Called Strike
0-1: Ball
1-1: Ball
2-1: Ball
3-1: Base on Balls
Batting: RHB Tasuku Goto 0-0: Ball
1-0: Ball
2-0: Ball
3-0: Base on Balls
Gene Ricks to second
Pitching: LHP Joe Fisher
Batting: LHB Kwang-chih Feng 0-0: Fly out, F8 (Line Drive, 8LM, EV 87.5 MPH)
Top of the 5th over - 0 runs, 0 hits, 0 errors, 2 left on base; Athletic Club KC 4 - Augusta 0
BOTTOM OF THE 5TH
Augusta Timber Hawks batting - Pitching for Athletic Club KC Reserves : RHP Salvador Sagastizabal
Batting: RHB David Martínez 0-0: Ball
1-0: Fly out, F8 (Flyball, 8RD, EV 75.6 MPH)
Batting: LHB Randy Sallah 0-0: Ball
1-0: Ball
2-0: Ball
3-0: Called Strike
3-1: Base on Balls
Batting: LHB Mike Goff 0-0: Ball
1-0: Swinging Strike
1-1: Foul Ball, location: 2F
1-2: Ball
2-2: Fly out, F7 (Line Drive, 7D, EV 105.0 MPH)
Batting: RHB Pat Sizemore 0-0: Ball
1-0: Ball
2-0: Ball
3-0: Base on Balls
Randy Sallah to second
Batting: LHB Carlos Medellín 0-0: Called Strike
0-1: Ball
1-1: Ground out U3 (Groundball, 3, EV 83.8 MPH)
Bottom of the 5th over - 0 runs, 0 hits, 0 errors, 2 left on base; Athletic Club KC 4 - Augusta 0
TOP OF THE 6TH
Athletic Club KC Reserves batting - Pitching for Augusta Timber Hawks : LHP Joe Fisher
Batting: LHB Ty Tomblin 0-0: Called Strike
0-1: Fly out, F4 (Line Drive, 4, EV 75.0 MPH)
Batting: LHB Mario Nieves 0-0: Called Strike
0-1: Called Strike
0-2: Ball
1-2: Ball
2-2: SINGLE (Line Drive, 89S, EV 93.8 MPH)
Batting: RHB Jimmy Chandler 0-0: Ball
1-0: Grounds into double play, 6-4-3 (Groundball, 6, EV 104.4 MPH)
Top of the 6th over - 0 runs, 1 hit, 0 errors, 0 left on base; Athletic Club KC 4 - Augusta 0
BOTTOM OF THE 6TH
Augusta Timber Hawks batting - Pitching for Athletic Club KC Reserves : RHP Salvador Sagastizabal
Batting: LHB Seung-soo Ch'ae 0-0: Foul Ball, location: 2F
0-1: Ball
1-1: Foul Ball, location: 2F
1-2: Ground out U3 (Groundball, 34, EV 99.4 MPH)
Batting: RHB Pat Lloyd 0-0: Foul Ball, location: 2F
0-1: Fly out, F3 (Line Drive, 3, EV 63.1 MPH)
Batting: LHB Ramiro Palmeiro 0-0: Ball
1-0: Fly out, F7 (Flyball, 78D, EV 101.2 MPH)
Bottom of the 6th over - 0 runs, 0 hits, 0 errors, 0 left on base; Athletic Club KC 4 - Augusta 0
TOP OF THE 7TH
Athletic Club KC Reserves batting - Pitching for Augusta Timber Hawks : LHP Joe Fisher
Batting: LHB Jason Ward 0-0: Foul Ball, location: 2F
0-1: Foul Ball, location: 2F
0-2: Strikes out swinging
Batting: LHB Onye Mahusay 0-0: Ball
1-0: Foul Ball, location: 2F
1-1: Foul Ball, location: 2F
1-2: Ball
2-2: Foul Ball, location: 2F
2-2: Ground out 5-3 (Groundball, 56, EV 89.4 MPH)
Batting: RHB Jihan Tuah 0-0: Ball
1-0: Ball
2-0: Swinging Strike
2-1: Foul Ball, location: 2F
2-2: SINGLE (Line Drive, 4MD, EV 93.8 MPH)
Batting: LHB Gene Ricks 0-0: Foul Ball, location: 2F
0-1: Fly out, F8 (Line Drive, 8RM, EV 88.1 MPH)
Top of the 7th over - 0 runs, 1 hit, 0 errors, 1 left on base; Athletic Club KC 4 - Augusta 0
BOTTOM OF THE 7TH
Augusta Timber Hawks batting - Pitching for Athletic Club KC Reserves : RHP Salvador Sagastizabal
Batting: LHB Ken Gill 0-0: Ball
1-0: Ball
2-0: Called Strike
2-1: Ball
3-1: Base on Balls
Batting: RHB David Martínez 0-0: Called Strike
0-1: Swinging Strike
0-2: Strikes out swinging
Batting: LHB Randy Sallah 0-0: Called Strike
0-1: Ball
1-1: Ball
2-1: Ball
3-1: Base on Balls
Ken Gill to second
Batting: LHB Mike Goff 0-0: Ball
1-0: Called Strike
1-1: Grounds into double play, 3-6-3 (Groundball, 3, EV 76.9 MPH)
Bottom of the 7th over - 0 runs, 0 hits, 0 errors, 1 left on base; Athletic Club KC 4 - Augusta 0
TOP OF THE 8TH
Athletic Club KC Reserves batting - Pitching for Augusta Timber Hawks : LHP Joe Fisher
Batting: RHB Tasuku Goto 0-0: Called Strike
0-1: Foul Ball, location: 2F
0-2: Ball
1-2: Fly out, F8 (Line Drive, 8RM, EV 107.5 MPH)
Pitching: RHP Ron Pomar
Now in RF: Hong-bo Zhui
Batting: LHB Kwang-chih Feng 0-0: DOUBLE (Flyball, 8RXD, EV 89.4 MPH)
Batting: LHB Ty Tomblin 0-0: Swinging Strike
0-1: Ball
1-1: Called Strike
1-2: SINGLE (Groundball, 3D, EV 110.0 MPH)
Kwang-chih Feng to third
Runner from 3rd tries for Home, SAFE, throw by RF to home
Ty Tomblin to second
Batting: LHB Mario Nieves 0-0: Ball
1-0: Called Strike
1-1: Ball
2-1: Ball
3-1: SINGLE (Line Drive, 7S, EV 105.0 MPH)
Ty Tomblin to third
Batting: RHB Jimmy Chandler 0-0: Foul Ball, location: 2F
0-1: Ball
1-1: Ball
2-1: Fly out, F8 (Flyball, 8RXD, EV 100.0 MPH)
Runner from 3rd tags up, SCORES, no throw by CF
Batting: LHB Jason Ward 0-0: Ball
1-0: Ball
2-0: Ball
3-0: Called Strike
3-1: Swinging Strike
3-2: Strikes out looking
Top of the 8th over - 2 runs, 3 hits, 0 errors, 1 left on base; Athletic Club KC 6 - Augusta 0
BOTTOM OF THE 8TH
Augusta Timber Hawks batting - Pitching for Athletic Club KC Reserves : RHP Salvador Sagastizabal
Batting: RHB Pat Sizemore 0-0: Ground out 5-3 (Groundball, 56, EV 93.8 MPH)
Batting: SHB Hong-bo Zhui 0-0: Called Strike
0-1: Ball
1-1: Ball
2-1: Foul Ball, location: 2F
2-2: Foul Ball, location: 2F
2-2: Foul Ball, location: 2F
2-2: Ground out 5-3 (Groundball, 56S, EV 89.4 MPH)
Batting: LHB Seung-soo Ch'ae 0-0: Ground out 5-3 (Groundball, 56, EV 107.5 MPH)
Bottom of the 8th over - 0 runs, 0 hits, 0 errors, 0 left on base; Athletic Club KC 6 - Augusta 0
TOP OF THE 9TH
Athletic Club KC Reserves batting - Pitching for Augusta Timber Hawks : RHP Ron Pomar
Batting: LHB Onye Mahusay 0-0: Called Strike
0-1: Foul Ball, location: 2F
0-2: Foul Ball, location: 2F
0-2: Ball
1-2: Ball
2-2: Ball
3-2: Base on Balls
Batting: RHB Jihan Tuah 0-0: Ball
1-0: Ball
2-0: Called Strike
2-1: Swinging Strike
2-2: Strikes out swinging
Batting: LHB Gene Ricks 0-0: Ball
1-0: Ball
Onye Mahusay steals 2nd base
2-0: Called Strike
2-1: Ball
3-1: SINGLE (Flyball, 8LS, EV 92.5 MPH)
Onye Mahusay to third
Batting: RHB Tasuku Goto 0-0: Fly out, F9 (Flyball, 9, EV 93.1 MPH)
Runner from 3rd tags up, SCORES, no throw by RF
Batting: LHB Kwang-chih Feng 0-0: Ball
1-0: Swinging Strike
1-1: Ball
2-1: Ball
3-1: Base on Balls
Gene Ricks to second
Batting: LHB Ty Tomblin 0-0: Ball
1-0: Swinging Strike
1-1: Ball
2-1: Fly out, F4 (Line Drive, 4, EV 68.8 MPH)
Top of the 9th over - 1 run, 1 hit, 0 errors, 2 left on base; Athletic Club KC 7 - Augusta 0
BOTTOM OF THE 9TH
Augusta Timber Hawks batting - Pitching for Athletic Club KC Reserves : RHP Salvador Sagastizabal
Batting: RHB Pat Lloyd 0-0: Fly out, F8 (Flyball, 8LD, EV 105.0 MPH)
Batting: LHB Ramiro Palmeiro 0-0: Ball
1-0: Called Strike
1-1: Ball
2-1: Fly out, F9 (Flyball, 9, EV 90.0 MPH)
Batting: LHB Ken Gill 0-0: Called Strike
0-1: Ball
1-1: Ball
2-1: Fly out, F6 (Line Drive, 6, EV 73.8 MPH)
Bottom of the 9th over - 0 runs, 0 hits, 0 errors, 0 left on base; Athletic Club KC 7 - Augusta 0
Friday, April 17th, 2020 - OOTP Baseball 20.8 Build 74